 Dungeon Crawl Stone Soup version 0.17.0-22-g5edae84 (webtiles) character file.

8144 inmateoo the Gouger (level 11, -5/54 HPs)
             Began as a Felid Transmuter on Nov 12, 2015.
             Was the Champion of Makhleb.
             Slain by a spiny frog (23 damage)
             ... on level 4 of the Lair of Beasts.
             The game lasted 00:38:59 (14293 turns).

inmateoo the Gouger (Felid Transmuter)             Turns: 14293, Time: 00:39:00

Health: -5/54      AC:  6    Str: 10 (11) XL:     11   Next: 6%
Magic:  15/19      EV: 16    Int: 15 (16) God:    Makhleb [******]
Gold:   539        SH:  0    Dex: 18 (19) Spells: 8 memorised, 2 levels left
                                        Lives:  0   Deaths: 3

rFire  x . .     SeeInvis +       - Unarmed
rCold  + + +     Clarity  .     (armour unavailable)
rNeg   . . .     SustAt   .     (shield unavailable)
rPois  +         Gourm    .     (helmet unavailable)
rElec  .         Spirit   .     (cloak unavailable)
rCorr  .         Warding  .     (gloves unavailable)
rMut   .         Rnd*Tele +     (boots unavailable)
MR     +....                    r - amulet of regeneration
Stlth  +++++.....               (no ring)
                                (no ring)

@: mighty, ice-form, repel missiles, somewhat resistant to hostile enchantments,
quite stealthy
A: no armour, no weapons or thrown items, (claws 0), (fangs 0), rugged brown
scales 1, see invisible, carnivore 3, deterioration 1, (speed 0), frail 1, low
mp 1, (shaggy fur 0), slow metabolism 1, teleportitis 1, (sharp paws)
a: End Transformation, Minor Destruction, Lesser Servant of Makhleb, Major
Destruction, Greater Servant of Makhleb, Renounce Religion


You were on level 4 of the Lair of Beasts.
You worshipped Makhleb.
Makhleb was exalted by your worship.
You were very full.
You were a creature of crystalline ice.
You visited 3 branches of the dungeon, and saw 17 of its levels.

You collected 739 gold pieces.
You spent 200 gold pieces at shops.

Inventory:

Missiles
 a - 174 arrows
 u - 8 arrows of flame
 B - 12 poisoned arrows
Jewellery
 m - an uncursed amulet of resist corrosion
 r - an amulet of regeneration (around neck)
 w - an uncursed ring of ice
Wands
 b - a wand of confusion (14)
 n - a wand of draining (9)
 v - a wand of polymorph (9)
 y - a wand of disintegration (4)
 D - a wand of digging (3)
Scrolls
 e - 2 scrolls of magic mapping
 o - 2 scrolls of blinking
 s - 3 scrolls of teleportation
 x - 5 scrolls of remove curse
 G - a scroll of identify
 K - 2 scrolls of fog
Potions
 d - 2 potions of agility {unknown}
 f - a potion of magic
 h - 4 potions of haste
 j - 2 potions of beneficial mutation
 k - a potion of might
 l - 2 potions of curing
 p - 2 potions of resistance
 q - 3 potions of cancellation
 z - 2 potions of heal wounds
 E - a potion of ambrosia
 F - a potion of invisibility {unknown}
Miscellaneous
 g - a phantom mirror
 C - a box of beasts {used: 8}
Comestibles
 c - 5 meat rations
 i - 5 beef jerkies
 t - 3 slices of pizza
 A - 6 royal jellies


   Skills:
 + Level 6.7 Fighting
 + Level 9.3 Dodging
 + Level 9.8 Stealth
 * Level 10.5 Unarmed Combat
 + Level 6.3 Spellcasting
 + Level 7.4 Transmutations
 + Level 5.8 Ice Magic
 + Level 3.4 Invocations
 * Level 7.2 Evocations


You had 2 spell levels left.
You knew the following spells:

 Your Spells              Type           Power        Failure   Level  Hunger
a - Beastly Appendage     Trmt           ####..       1%          1    None
b - Sticks to Snakes      Trmt           ####......   1%          2    #......
c - Spider Form           Trmt/Pois      ###.......   12%         3    ##.....
d - Ice Form              Ice/Trmt       ###.....     12%         4    ####...
e - Blade Hands           Trmt           ####......   21%         5    ######.
f - Apportation           Tloc           #.........   14%         1    None
g - Repel Missiles        Chrm/Air       #.....       21%         2    #......
h - Blink                 Tloc           N/A          21%         2    #......


Dungeon Overview and Level Annotations

Branches:
Dungeon (12/15)            Temple (1/1) D:5            Lair (4/8) D:8
 Shoals (0/4) Lair:3          Orc (0/4) D:11
  Snake: Lair:3-6    Spider: Lair:3-6

Altars:
Cheibriados
Dithmenos
Elyvilon
Fedhas
Gozag
Kikubaaqudgha
Makhleb
Nemelex Xobeh
Okawaru
Qazlal
Ru
Sif Muna
Trog
Vehumet
Xom
Yredelemnul
The Shining One

Shops:
D:8 }

Annotations:
D:12 Sonja


Innate Abilities, Weirdness & Mutations

You cannot wear armour.
You are incapable of wielding weapons or throwing items.
((You have sharp claws.))
((You have razor-sharp teeth.))
You have supernaturally acute eyesight.
You are carnivorous and can eat meat at any time.
((You cover ground quickly.))
((You are covered in thick fur (AC +2).))
You have a slow metabolism.
((Your sharp claws are effective at attacking unaware monsters.))
(You are partially covered in rugged brown scales (AC +1, +3% HP).)
Your body sometimes deteriorates upon taking damage.
You are frail (-10% HP).
Your magical capacity is low (-10% MP).
You are occasionally teleported to nearby monsters.


Message History

A blink frog comes into view.
The spiny frog completely misses you. The spiny frog misses you.
Casting: Ice Form
Confirm with . or Enter, or press ? or * to list all spells.
You turn into a creature of crystalline ice.
The spiny frog stings you!!
Your body deteriorates!
You feel clumsy.
Unknown command.
You completely miss the spiny frog. The spiny frog closely misses you.
Drink which item? (? for menu, Esc to quit)
You feel very mighty all of a sudden. The spiny frog stings you!!
You pummel the spiny frog!! You freeze the spiny frog!
The spiny frog is severely wounded.
The spiny frog misses you.
You barely miss the spiny frog.
The spiny frog is severely wounded.
The spiny frog stings you!!
You die...

P≈....#.. ≈P......##
#### ≈P≈...#.P#### #.#.#
≈PP...PPP##.#####.#..##
.........P.............
.......................
...................#
#..#...####.###...##
..##....##### #FY.#
.......##.## ###...#
.......#.#.#.##.F.....
.P......................
#####...................
#...#####...........
#...# ...........# #...#
#............ ## #...##


You could see a spiny frog and a blink frog.

Vanquished Creatures
  Fannar (D:11)
  A centaur warrior (D:10)
  Erica (D:8)
  The ghost of st0uf the Arsonist, a novice DrFE of Ru (D:10)
  An unseen horror (D:10)
  A hill giant (D:11)
  A cyclops (D:10)
  2 slime creatures (D:10)
  Joseph (D:8)
  A torpor snail (Lair:3)
  Psyche (D:8)
  The ghost of heinrich the Twirler, a novice DsGl of Qazlal (D:5)
  2 komodo dragons
  2 fire drakes
  3 blink frogs (Lair:3)
  A merfolk (Lair:3)
  A two-headed ogre (D:11)
  A trapdoor spider zombie (D:9)
  A deep elf mage (D:11)
  2 basilisks
  4 yaks
  A wyvern (D:8)
  A hungry ghost (D:10)
  3 hippogriffs
  6 wolves (Lair:2)
  A steam dragon (D:9)
  4 water moccasins
  3 porcupines
  A necrophage (D:11)
  A wasp (D:11)
  5 orc warriors
  4 phantoms
  5 ogres
  4 sky beasts
  An ice beast (D:6)
  5 centaurs
  3 black bears
  5 crocodiles
  A gnoll sergeant (D:7)
  9 giant frogs
  3 scorpions
  2 spriggan skeletons (D:10)
  An electric eel (Lair:3)
  4 wights (D:7)
  A centaur zombie (D:7)
  3 jellies
  8 hounds
  12 orc priests
  4 crimson imps
  3 giant frog skeletons
  19 orc wizards
  6 worker ants
  4 centaur skeletons
  Terence (D:2)
  6 iguanas
  10 sheep
  4 hound zombies
  A worker ant zombie (D:11)
  14 gnolls
  33 river rats
  3 shadow imps
  11 adders
  3 oozes
  An adder skeleton (D:7)
  An adder zombie (D:5)
  3 worms
  4 giant geckos
  69 orcs
  A ball python (D:2)
  6 bats
  7 giant cockroaches
  9 hobgoblins
  17 jackals
  A giant gecko skeleton (D:8)
  8 giant newts
  7 goblins
  4 kobolds
  2 quokkas (D:4)
  A quokka skeleton (D:9)
  10 rats
400 creatures vanquished.

Vanquished Creatures (collateral kills)
  2 black mambas (Lair:2)
  A fire drake (Lair:2)
  5 yaks (D:10)
  A water moccasin (Lair:2)
  2 orc wizards
  A sheep (D:10)
  2 adders (D:2)
  2 orcs
16 creatures vanquished.

Vanquished Creatures (others)
  An orc (D:8)
  A fungus (Lair:2)
2 creatures vanquished.

Grand Total: 418 creatures vanquished

Notes
Turn   | Place    | Note
--------------------------------------------------------------
     0 | D:1      | inmateoo the Felid Transmuter began the quest for the Orb.
     0 | D:1      | Reached XP level 1. HP: 9/9 MP: 4/4
   159 | D:1      | Reached XP level 2. HP: 12/12 MP: 6/6
   578 | D:1      | Reached skill level 1 in Stealth
   593 | D:1      | Learned a level 2 spell: Sticks to Snakes
   610 | D:1      | Reached XP level 3. HP: 15/15 MP: 7/7
   615 | D:1      | Learned a level 3 spell: Spider Form
  1136 | D:2      | Noticed Terence
  1156 | D:2      | Found a sparkling altar of Nemelex Xobeh.
  1198 | D:2      | Killed Terence
  1198 | D:2      | Reached XP level 4. HP: 19/19 MP: 1/8
  1504 | D:2      | Found a snail-covered altar of Cheibriados.
  2093 | D:2      | Reached skill level 4 in Unarmed Combat
  2093 | D:2      | Reached XP level 5. HP: 10/22 MP: 3/9
  3458 | D:4      | Gained mutation: You are covered in thick fur (AC +2). [Felid growth]
  3458 | D:4      | Reached XP level 6. HP: 5/26 MP: 7/11
  3780 | D:4      | Learned a level 4 spell: Ice Form
  4423 | D:4      | Reached XP level 7. HP: 5/30 MP: 9/13
  4424 | D:4      | Slain by an orc priest
  4425 | D:4      | Reached XP level 6. HP: -3/27 MP: 9/12
  4658 | D:4      | Reached skill level 5 in Unarmed Combat
  5225 | D:5      | Entered Level 5 of the Dungeon
  5591 | D:5      | Reached skill level 1 in Ice Magic
  5591 | D:5      | Reached XP level 7. HP: 31/31 MP: 9/13
  5659 | D:5      | Reached skill level 5 in Dodging
  5681 | D:5      | Found a staircase to the Ecumenical Temple.
  5694 | Temple   | Entered the Ecumenical Temple
  5707 | Temple   | Became a worshipper of Makhleb the Destroyer
  6137 | D:5      | Found an ancient bone altar of Kikubaaqudgha.
  6185 | D:5      | Noticed heinrich's ghost (novice DsGl)
  6343 | D:5      | Killed heinrich's ghost
  6383 | D:5      | Reached skill level 6 in Unarmed Combat
  6394 | D:5      | Reached XP level 8. HP: 30/35 MP: 12/14
  6501 | D:5      | You fall through a shaft!
  6508 | D:6      | Reached skill level 5 in Stealth
  6586 | D:6      | Reached * piety under Makhleb
  7011 | D:6      | Reached skill level 5 in Transmutations
  7139 | D:6      | Learned a level 5 spell: Blade Hands
  7491 | D:7      | Reached skill level 7 in Unarmed Combat
  7491 | D:7      | Reached XP level 9. HP: 24/39 MP: 14/16
  7592 | D:7      | Reached ** piety under Makhleb
  8234 | D:8      | Found Numahee's Gadget Boutique.
  8243 | D:8      | Bought a box of beasts for 200 gold pieces
  8361 | D:8      | Found a staircase to the Lair.
  8362 | D:8      | Noticed a fire drake
  8481 | D:8      | Noticed Psyche
  8488 | D:8      | Killed Psyche
  8488 | D:8      | Reached skill level 5 in Fighting
  8488 | D:8      | Reached skill level 1 in Evocations
  8564 | D:8      | Reached *** piety under Makhleb
  8597 | D:8      | Noticed Joseph
  8618 | D:8      | Killed Joseph
  8662 | D:8      | Reached skill level 8 in Unarmed Combat
  8807 | D:8      | Killed a fire drake
  8875 | D:8      | Noticed Erica
  8882 | D:8      | Reached XP level 10. HP: 28/44 MP: 14/18
  8903 | D:8      | Killed Erica
  8903 | D:8      | Reached skill level 5 in Spellcasting
  9037 | D:9      | HP: 2/44 [steam dragon (9)]
  9076 | D:9      | Found a shimmering altar of Xom.
  9076 | D:9      | Found a white marble altar of Elyvilon.
  9081 | D:9      | Found a stormy altar of Qazlal.
  9333 | D:9      | Gained mutation: Your body sometimes deteriorates upon taking damage. [mutagenic meat]
  9412 | D:9      | Found a stormy altar of Qazlal.
  9489 | D:9      | Found a deep blue altar of Sif Muna.
  9762 | D:10     | Entered Level 10 of the Dungeon
  9867 | D:10     | Noticed a cyclops
  9955 | D:10     | HP: 1/44 [cyclops (31)]
  9958 | D:10     | Killed a cyclops
  9958 | D:10     | Reached **** piety under Makhleb
 10209 | D:10     | Noticed st0uf's ghost (novice DrFE)
 10279 | D:10     | Reached skill level 9 in Unarmed Combat
 10319 | D:10     | Killed st0uf's ghost
 10319 | D:10     | Reached skill level 1 in Invocations
 10319 | D:10     | Reached XP level 11. HP: 34/48 MP: 18/20
 10324 | D:10     | Reached skill level 5 in Evocations
 10386 | D:10     | Learned a level 1 spell: Apportation
 10390 | D:10     | Gained mutation: You are occasionally teleported to nearby monsters. [mutagenic meat]
 10391 | D:10     | Gained mutation: You are weak. (Str -2) [mutagenic meat]
 10392 | D:10     | Lost mutation: You are weak. (Str -2) [mutagenic meat]
 10393 | D:10     | Gained mutation: You are frail (-10% HP). [mutagenic meat]
 10394 | D:10     | Lost mutation: You are occasionally teleported to nearby monsters. [mutagenic meat]
 10437 | D:10     | Noticed an unseen horror
 10460 | D:10     | Reached ***** piety under Makhleb
 10467 | D:10     | Killed an unseen horror
 10811 | D:10     | Noticed a centaur warrior
 10817 | D:10     | Killed a centaur warrior
 10992 | D:11     | Found a staircase to the Orcish Mines.
 11006 | D:11     | Reached skill level 5 in Ice Magic
 11018 | D:11     | Slain by a two-headed ogre
 11019 | D:11     | Reached XP level 10. HP: 0/40 MP: 19/19
 11113 | D:11     | Noticed a hill giant
 11121 | D:11     | Killed a hill giant
 11346 | D:11     | Noticed Fannar
 11363 | D:11     | Killed Fannar
 11371 | D:11     | Identified a scroll of acquirement
 11378 | D:11     | Learned a level 2 spell: Repel Missiles
 11382 | D:11     | Learned a level 2 spell: Blink
 11576 | D:12     | Noticed Sonja
 11712 | Lair:1   | Entered Level 1 of the Lair of Beasts
 11868 | Lair:1   | Reached XP level 11. HP: 44/44 MP: 13/20
 11920 | Lair:1   | You fall through a shaft!
 12107 | Lair:1   | Reached skill level 10 in Unarmed Combat
 13027 | Lair:2   | Reached ****** piety under Makhleb
 13171 | Lair:2   | Mangled by a black mamba
 13172 | Lair:2   | Reached XP level 10. HP: -7/49 MP: 18/20
 13605 | Lair:3   | Gained mutation: You are partially covered in rugged brown scales (AC +1, +3% HP). [potion of mutation]
 13605 | Lair:3   | Gained mutation: Your magical capacity is low (-10% MP). [potion of mutation]
 13605 | Lair:3   | Gained mutation: You are occasionally teleported to nearby monsters. [potion of mutation]
 13885 | Lair:3   | Found a radiant altar of Vehumet.
 14003 | Lair:3   | Reached XP level 11. HP: 41/45 MP: 14/19
 14091 | Lair:3   | Found a staircase to the Shoals.
 14293 | Lair:4   | Slain by a spiny frog

Action                   |  1- 3 |  4- 6 |  7- 9 | 10-12 || total
-------------------------+-------+-------+-------+-------++-------
Melee: Unarmed           |    74 |   300 |   364 |   543 ||  1281
 Cast: Beastly Appendage |     4 |     1 |       |       ||     5
       Spider Form       |     3 |    20 |    12 |     2 ||    37
       Sticks to Snakes  |     2 |    11 |       |     3 ||    16
       Ice Form          |       |       |    13 |    36 ||    49
       Blade Hands       |       |       |       |     4 ||     4
       Repel Missiles    |       |       |       |     1 ||     1
Invok: Greater Servant o |       |       |       |     1 ||     1
 Abil: End Transformatio |       |       |       |     3 ||     3
Evoke: Wand              |       |       |     6 |     4 ||    10
       Box of beasts     |       |       |       |     8 ||     8
  Use: Scroll            |       |    11 |     7 |     7 ||    25
       Potion            |       |       |     2 |     8 ||    10
 Stab: Sleeping          |     3 |    13 |     6 |    28 ||    50
       Distracted        |       |       |       |     1 ||     1
  Eat: Chunk             |     5 |    13 |    19 |    35 ||    72
